AoeStats
← 叫我靓仔啊 扑街

African Clearing

510347630Analyzed
4v4 RM · 2d ago on Sep 30, 2026· 68m 27s· 8 players
Game mode
Random Map
Map size
Large (8 player)
Population
200
Speed
Normal
Resources
Standard
Victory
Conquest
Starting age
Dark Age
Ending age
Imperial Age
RankedLock teamsTeams togetherTeam positionsShared explorationLock speedFull tech treeHidden civsTurbo modeCheats
Victory
Defeat
🇫🇷 Mongols · France
1508
+14
🇧🇪 Malians · Belgium
1491
+14
🇫🇷 Vietnamese · France
1476
+15
🇫🇷 Berbers · France
1393
+18
🇩🇪 Mongols · Germany
1491
-17
1468
-16
🇺🇸 Saxons · United States
1449
-15
🇨🇦 Jurchens · Canada
1403
-13
GOAT Gobz
3:16 Loom
13:25 Feudal Age
17:30 Castle Age
15:24 Double-Bit Axe
16:42 Scale Mail Armor
16:52 Forging
18:55 Gambesons
19:13 Squires
27:26 Guard Tower
27:54 Fletching
32:30 Arson
32:54 Horse Collar
36:51 Elite Skirmisher
38:57 Ballistics
38:18 Treadmill Crane
40:11 Wheelbarrow
41:41 Hand Cart
45:19 Imperial Age
43:03 Bodkin Arrow
43:10 Padded Archer Armor
43:36 Scale Barding Armor
43:51 Chain Mail Armor
44:27 Bow Saw
44:36 Masonry
44:23 Stone Mining
44:27 Gold Mining
45:05 Leather Archer Armor
46:02 Bracer
47:04 Chemistry
46:35 Architecture
47:04 Ring Archer Armor
48:05 Keep
48:11 Arrowslits
48:41 Fortified Bastions
48:18 Pikeman
49:38 Conscription
52:58 Two-Man Saw
51:33 Imperial Skirmisher
53:19 Iron Casting
55:06 Halberdier
61:04 Scale Barding Armor
61:41 Hoardings
62:10 Guilds
62:00 Light Cavalry
62:41 Husbandry
64:20 Blast Furnace
65:06 Chain Barding Armor
64:59 Bloodlines
68:15 Plate Barding Armor
busy pushing deer
7:23 Loom
13:58 Feudal Age
15:37 Double-Bit Axe
18:24 Castle Age
16:54 Stone Mining
17:07 Scale Mail Armor
17:46 Loom
18:40 Wheelbarrow
17:50 Town Watch
27:35 Chain Mail Armor
28:56 Forging
32:10 Arson
33:49 Ballistics
37:12 Fletching
37:58 Iron Casting
53:10 Horse Collar
55:08 Squires
54:29 Pikeman
57:51 Imperial Age
57:27 Bodkin Arrow
58:45 Bow Saw
59:10 Plate Mail Armor
58:22 Halberdier
58:36 Shield Wall
60:50 Conscription
61:12 Bracer
61:43 Elite Hearth Troop
62:55 Padded Archer Armor
64:00 Two-Man Saw
64:23 Caravan
Poncho
4:16 Loom
13:49 Feudal Age
17:24 Castle Age
23:44 Fletching
27:09 Double-Bit Axe
34:52 Bow Saw
37:05 Padded Archer Armor
38:33 Horse Collar
38:57 Husbandry
39:21 Thumb Ring
38:57 Light Cavalry
40:12 Bodkin Arrow
41:38 Ballistics
43:03 Elite Skirmisher
44:20 Bloodlines
44:32 Scale Barding Armor
45:42 Chain Barding Armor
45:58 Leather Archer Armor
46:50 Heavy Plow
47:17 Forging
47:59 Gold Mining
50:33 Iron Casting
53:05 Imperial Age
51:21 Squires
51:26 Scale Mail Armor
52:00 Pikeman
52:40 Squires
52:58 Chain Mail Armor
52:52 Nomads
54:14 Conscription
54:24 Town Watch
55:01 Bracer
54:40 Imperial Skirmisher
55:21 Cavalier
58:00 Hoardings
59:39 Chemistry
63:50 Hussar
叫我靓仔啊 扑街
7:56 Loom
13:23 Feudal Age
17:21 Fletching
22:58 Double-Bit Axe
26:27 Wheelbarrow
30:26 Castle Age
28:44 Gold Mining
30:27 Crossbowman
31:26 Thumb Ring
31:42 Bow Saw
34:02 Hand Cart
37:00 Town Watch
40:17 Elite Skirmisher
41:06 Padded Archer Armor
41:02 Bodkin Arrow
41:10 Bodkin Arrow
44:24 Scale Mail Armor
44:34 Forging
44:42 Leather Archer Armor
44:16 Arson
44:31 Squires
47:20 Imperial Age
45:06 Town Patrol
46:30 Ballistics
46:36 Fortified Wall
50:27 Imperial Age
51:12 Bracer
51:43 Ring Archer Armor
50:34 Imperial Skirmisher
TabA_KSP
11:03 Loom
13:17 Feudal Age
15:14 Double-Bit Axe
17:53 Castle Age
15:55 Double-Bit Axe
16:50 Horse Collar
19:04 Bow Saw
18:36 Horse Collar
19:45 Wheelbarrow
21:51 Heavy Plow
25:25 Gold Mining
27:36 Stone Mining
27:49 Fletching
28:56 Bodkin Arrow
33:07 Imperial Age
30:53 Padded Archer Armor
32:10 Ballistics
32:40 Hand Cart
32:38 Town Watch
33:14 Leather Archer Armor
34:51 Chemistry
34:44 Elite Rattan Archer
36:13 Bracer
37:37 Paper Money
39:54 Town Patrol
47:03 Chatras
47:59 Scale Barding Armor
47:54 Scale Mail Armor
48:24 Ring Archer Armor
48:39 Bloodlines
48:29 Husbandry
48:11 Light Cavalry
53:06 Elite Battle Elephant
59:19 Chain Mail Armor
59:25 Chain Barding Armor
59:15 Forging
64:48 Thumb Ring
64:08 Elite Skirmisher
65:56 Plate Mail Armor
66:01 Plate Barding Armor
66:02 Iron Casting
67:44 Masonry
TabA_Carpect
5:40 Loom
13:55 Feudal Age
14:52 Double-Bit Axe
23:51 Double-Bit Axe
28:20 Castle Age
30:22 Wheelbarrow
29:39 Horse Collar
38:48 Fletching
41:42 Hand Cart
41:13 Town Watch
42:11 Bow Saw
43:02 Padded Archer Armor
43:10 Heavy Plow
53:01 Gold Mining
53:02 Stone Mining
57:41 Imperial Age
56:35 Scale Barding Armor
56:41 Forging
57:39 Chain Barding Armor
58:33 Bloodlines
58:24 Husbandry
57:45 Elite Steppe Lancer
59:06 Iron Casting
59:03 Conscription
58:31 Light Cavalry
59:38 Hussar
60:21 Stone Mining
61:37 Blast Furnace
61:27 Hoardings
66:30 Bodkin Arrow
66:51 Leather Archer Armor
Jesus Omega
4:20 Loom
15:16 Feudal Age
19:54 Castle Age
18:16 Double-Bit Axe
18:54 Scale Barding Armor
19:38 Bloodlines
20:50 Forging
23:32 Light Cavalry
26:11 Chain Barding Armor
31:54 Gold Mining
31:45 Horse Collar
32:46 Bow Saw
32:41 Heavy Plow
34:53 Wheelbarrow
36:20 Iron Casting
36:24 Husbandry
39:54 Stone Mining
40:27 Hand Cart
39:58 Town Watch
45:16 Imperial Age
46:48 Plate Barding Armor
47:14 Blast Furnace
45:44 Cavalier
46:19 Hussar
47:48 Conscription
49:12 Fletching
53:27 Kasbah
54:08 Maghrebi Camels
54:07 Bodkin Arrow
54:12 Padded Archer Armor
55:33 Siege Engineers
55:49 Ballistics
56:30 Chemistry
55:47 Elite Camel Archer
57:22 Bracer
57:38 Leather Archer Armor
59:41 Ring Archer Armor
60:11 Crop Rotation
60:18 Gold Shaft Mining
60:18 Stone Shaft Mining
65:09 Onager
TabA_RoseLG
11:00 Loom
14:24 Feudal Age
16:07 Double-Bit Axe
18:42 Castle Age
16:58 Gold Mining
17:38 Fletching
18:49 Crossbowman
19:25 Bodkin Arrow
28:02 Elite Skirmisher
54:08 Horse Collar
57:32 Imperial Age
54:49 Town Watch
56:26 Padded Archer Armor
56:52 Scale Barding Armor
56:57 Forging
56:52 Stone Mining
57:48 Bloodlines
58:00 Chain Barding Armor
57:46 Light Cavalry
58:28 Husbandry
59:05 Bow Saw
58:34 Cavalier
60:36 Padded Archer Armor
62:14 Imperial Skirmisher
63:18 Leather Archer Armor
64:09 Conscription
63:51 Capped Ram
64:43 Squires
64:30 Man-at-Arms
65:25 Scale Mail Armor
66:09 Wheelbarrow
66:06 Long Swordsman
67:03 Chain Mail Armor
67:54 Iron Casting
67:12 Two-Handed Swordsman
67:55 Arson
68:42 Plate Mail Armor
Connection lost

Rejoining the realm…

Still unreachable

The connection could not be restored.

Session expired

The server has moved on; the page needs a fresh start.